 Dungeon Crawl Stone Soup version 0.19-a0-170-g0e17dc0 (webtiles) character file.

48 Arkorax the Skirmisher (level 3, -1/39 HPs)
             Began as an Octopode Berserker on May 22, 2016.
             Was a Believer of Trog.
             Slain by a gnoll
             ... wielding a +0 spear of chaos
              (3 damage)
             ... on level 2 of the Dungeon.
             The game lasted 00:03:59 (1182 turns).

Arkorax the Skirmisher (Octopode Berserker)         Turns: 1182, Time: 00:04:00

Health: -1/39      AC:  1    Str: 21    XL:     3   Next: 72%
Magic:  3/3        EV: 12    Int:  9    God:    Trog [**....]
Gold:   131        SH:  3    Dex: 12    Spells: 0 memorised, 2 levels left

rFire  . . .     SeeInvis .     a - +0 short sword
rCold  . . .     Gourm    .     t - +0 buckler
rNeg   . . .     Faith    .     (helmet restricted)
rPois  .         Spirit   .     e - amulet of magic regeneration
rElec  .         Dismiss  .     (no ring)
rCorr  .         Reflect  .     (no ring)
SustAt .         Harm     .     (no ring)
MR     .....                    (no ring)
Stlth  ..........               (no ring)
                                (no ring)
                                (no ring)
                                (no ring)

@: berserking, very quick, not resistant to hostile enchantments, extremely
unstealthy
A: almost no armour, amphibious, 8 rings, constrict 8, camouflage 1, gelatinous
body 1
a: Berserk, Trog's Hand, Burn Spellbooks, Renounce Religion


You were on level 2 of the Dungeon.
You worshipped Trog.
Trog was pleased with you.
You were not hungry.

You visited 1 branch of the dungeon, and saw 2 of its levels.

You collected 131 gold pieces.

Inventory:

Hand Weapons
 a - a +0 short sword (weapon)
 k - a +1 hunting sling of flaming
   (You found it on level 1 of the Dungeon)
Armour
 t - a +0 buckler (worn)
   (You found it on level 2 of the Dungeon)
Jewellery
 e - an amulet of magic regeneration (around mantle)
   (You found it on level 1 of the Dungeon)
Scrolls
 i - 3 scrolls of fog {unknown}
 j - a scroll of enchant armour {unknown}
 l - a scroll of enchant weapon {unknown}
 p - 2 scrolls of identify {unknown}
 s - 2 scrolls of recharging {unknown}
Potions
 c - 2 potions of resistance {unknown}
 d - a potion of mutation {unknown}
 f - a potion of ambrosia {unknown}
 h - a potion of agility {unknown}
 m - a potion of lignification {unknown}
 n - a potion of flight {unknown}
 o - a potion of degeneration {unknown}
 q - a potion of curing {unknown}
 r - a potion of invisibility {unknown}
Comestibles
 b - 2 bread rations {@e1}
 g - 2 meat rations {@e2}


   Skills:
 * Level 3.6 Fighting
 * Level 3.6 Short Blades
 - Level 3.5 Dodging
 * Level 0.0 Shields


You had 2 spell levels left.
You didn't know any spells.

Dungeon Overview and Level Annotations

Branches:
Dungeon (2/15)

Altars:
Xom


Innate Abilities, Weirdness & Mutations

You cannot wear most types of armour.
You are amphibious.
You can wear up to eight rings at the same time.
You can use your tentacles to constrict eight enemies at once.
Your skin changes colour to match your surroundings (Stealth).
Your rubbery body absorbs attacks (AC +1).


Message History

You feel sick.
You feel sick.
s - a scroll labeled RIMELOL DUPN You feel sick.
You now have 92 gold pieces (gained 5).
You feel sick.
You feel sick.
You are no longer poisoned.
You now have 95 gold pieces (gained 3).
You see here a cloak.
You now have 107 gold pieces (gained 12).
You see here a cloak.
A gnoll comes into view. It is wielding a spear of chaos.
The gnoll shouts!
A gnoll is nearby!
A gnoll is nearby!
A gnoll is nearby!
You regained 2 hp, and now have 23/26 hp.
A gnoll is nearby!
A hobgoblin comes into view. It is wielding a club.
The hobgoblin shouts!
You see here a buckler.
t - a buckler Wear which item? (? for menu, Esc to quit)
You start putting on your armour.
You continue putting on your buckler. x4
The hobgoblin misses you.
You finish putting on your +0 buckler.
You completely miss the hobgoblin. Your grab misses the hobgoblin.
The hobgoblin barely misses you.
You puncture the hobgoblin!
You kill the hobgoblin!
Trog accepts your kill.
No target in view!
No target in view!
No target in view!
You now have 120 gold pieces (gained 13).
You now have 131 gold pieces (gained 11).
You see here a robe.
You see here a dagger.
You see here a leather armour.
Found a stone staircase leading up.
You are feeling hungry.
Health restored: 26
There are no items here.
Eat which item? (? for menu, Esc to quit)
You continue eating. x2
You finish eating.
That bread ration really hit the spot!
You see here a mace.
There is a stone staircase leading down here.
A quokka comes into view.
No target in view!
No target in view!
No target in view!
The quokka is too close now for your liking.
The quokka barely misses you.
You hit the quokka. Your grab misses the quokka. You squeeze the quokka.
You kill the quokka!
Trog accepts your kill.
No target in view!
No target in view!
b - 2 bread rations {@e1} (gained 1)
s - 2 scrolls labeled RIMELOL DUPN (gained 1)
The gnoll shouts!
The gnoll is too close now for your liking.
A gnoll is nearby!
A hobgoblin comes into view. It is wielding a club.
The hobgoblin shouts!
Found a shimmering altar of Xom.
The helpless gnoll fails to defend itself.
You hit the gnoll. Your grab misses the gnoll.
The gnoll is lightly wounded.
You hit the gnoll. You grab the gnoll.
The gnoll is moderately wounded.
You constrict the gnoll, but do no damage.
The gnoll closely misses you. You block the gnoll's attack.
You hit the gnoll.
The gnoll is moderately wounded.
You constrict the gnoll. The hobgoblin hits you with a club.
You take 6 damage, and have 20/26 hp.
MASSIVE DAMAGE!!
You hit the gnoll.
The gnoll is severely wounded.
You constrict the gnoll.
The gnoll hits you with a spear of chaos!
The gnoll draws strength from your injuries!
The hobgoblin hits you but does no damage.
You take 12 damage, and have 8/26 hp.
MASSIVE DAMAGE!!
A red film seems to cover your vision as you go berserk!
You feel yourself moving faster!
You feel mighty!
You feel quite a bit more hungry.
You constrict the gnoll.
The gnoll hits you with a spear of chaos.
* * * LOW HITPOINT WARNING * * *
You block the hobgoblin's attack.
You now have 8/39 hp.
You release your grip on the gnoll.
You feel a strong urge to attack something.
The gnoll hits you with a spear of chaos!
* * * LOW HITPOINT WARNING * * *
The gnoll freezes you.
You die...

.#..#.........#.##
....#.....##..#.#
....#.##.....######
..........#### #.≈##
...#.#.#...##..#≈#.#
....[.....####⌠≈.≈####
#..#.#.#..#.#≈≈#≈#≈#≈#
#.........#.#.#..?.._#
#..#.#.#..##≈#⌠g@≈.≈.#
#.........#...##.#.≈.#
#.......#.######g≈≈#.#
#########..#.#....⌠# #
# ###..≈.#.≈.≈## #
#≈.≈.⌠≈≈#..# #
#≈#.≈..#.#⌠# ###
#.#.≈...#.## ..#
######≈≈#..#


You could see a gnoll and a hobgoblin.

Vanquished Creatures
  An adder (D:2)
  An ooze (D:1)
  A ball python (D:1)
  A giant cockroach (D:1)
  3 goblins (D:1)
  6 hobgoblins
  4 jackals (D:1)
  A quokka (D:2)
  5 bats (D:1)
  2 giant newts (D:1)
  3 kobolds
  5 rats
33 creatures vanquished.

Notes
Turn   | Place    | Note
--------------------------------------------------------------
     0 | D:1      | Arkorax the Octopode Berserker began the quest for the Orb.
     0 | D:1      | Reached XP level 1. HP: 16/16 MP: 1/1
    57 | D:1      | Reached XP level 2. HP: 21/21 MP: 2/2
   423 | D:1      | Reached ** piety under Trog
   555 | D:1      | Reached XP level 3. HP: 26/26 MP: 3/3
  1172 | D:2      | Found a shimmering altar of Xom.
  1181 | D:2      | HP: 8/39 [gnoll/spear of chaos (4)]
  1182 | D:2      | HP: 2/39 [gnoll/spear of chaos (7)]
  1182 | D:2      | Slain by a gnoll

Vault maps used:
D:1:      lemuel_arrival_cross, corexii_hall_statues_i
D:2:      serial_glass, glass_columns_a, glass_columns_b, glass_columns_b,
          glass_columns_b, glass_columns_b, glass_columns_a, glass_columns_a,
          glass_columns_b, glass_columns_a, glass_columns_b, glass_columns_c,
          glass_columns_b, glass_columns_a, glass_columns_b, tgw_xom

Action                   || total
-------------------------++-------
Melee: Short sword       ||    63
       Constrict         ||    12
       Tentacles         ||     6
Invok: Berserk           ||     2
       Trog's Hand       ||     1
 Stab: Sleeping          ||     7
       Distracted        ||     1
  Eat: Bread ration      ||     1
       Chunk             ||     1
Armor: Skin              ||     5
Dodge: Dodged            ||    44
Block: Buckler           ||     2

Vault maps used:
D:1:      lemuel_arrival_cross, corexii_hall_statues_i
D:2:      serial_glass, glass_columns_a, glass_columns_b, glass_columns_b,
          glass_columns_b, glass_columns_b, glass_columns_a, glass_columns_a,
          glass_columns_b, glass_columns_a, glass_columns_b, glass_columns_c,
          glass_columns_b, glass_columns_a, glass_columns_b, tgw_xom

Table legend:
 A = Turns spent in this place as a percentage of turns spent in the entire game.
 B = Non-inter-level travel turns spent in this place as a percentage of non-inter-level travel turns spent in the entire game.
 C = Inter-level travel turns spent in this place as a percentage of turns spent in this place.
 D = Turns resting spent in this place as a percentage of non-inter-level travel turns spent in this place.
 E = Turns spent auto-exploring this place as a percentage of non-inter-level travel turns spent in this place.
 F = Non-inter-level travel turns spent in this place divided by the number of levels of this place that you've seen.
                   A       B       C       D       E      F
               +-------+-------+-------+-------+-------+----------------------
         Total | 100.0 | 100.0 |   0.3 |   1.3 |  13.6 | 190.5
       Dungeon | 100.0 | 100.0 |   0.3 |   1.3 |  13.6 | 190.5
               +-------+-------+-------+-------+-------+----------------------

Table legend:
 A = Kills in this place as a percentage of kills in entire the game.
 B = Kills by you in this place as a percentage of kills by you in the entire game.
 C = Kills by friends in this place as a percentage of kills by friends in the entire game.
 D = Other kills in this place as a percentage of other kills in the entire game.
 E = Experience gained in this place as a percentage of experience gained in the entire game.
 F = Experience gained in this place divided by the number of levels of this place that you have seen.
                   A       B       C       D       E      F
               +-------+-------+-------+-------+-------+----------------------
         Total | 100.0 | 100.0 |  -nan |  -nan | 100.0 |  34.5
       Dungeon | 100.0 | 100.0 |  -nan |  -nan | 100.0 |  34.5
               +-------+-------+-------+-------+-------+----------------------
